 Dungeon Crawl Stone Soup version 0.24.0-13-gcf9b319 (webtiles) character file.

Game seed: 18372751805770536240, levelgen mode: deterministic

413 Fang the Skirmisher (level 6, -22/60 HPs)
             Began as a Gargoyle Berserker on Nov 12, 2019.
             Was a Believer of Trog.
             Annihilated by an ogre
             ... wielding a +0 giant spiked club
              (24 damage)
             ... on level 5 of the Dungeon.
             The game lasted 00:03:22 (2053 turns).

Fang the Skirmisher (Gargoyle Berserker)            Turns: 2053, Time: 00:03:23

Health: -22/60     AC: 16    Str: 28    XL:     6   Next: 91%
Magic:  6/6        EV:  8    Int:  7    God:    Trog [**....]
Gold:   161        SH:  0    Dex:  9    Spells: 5/5 levels left

rFire    . . .     SeeInvis .   a - +0 hand axe
rCold    . . .     Gourm    .   (no shield)
rNeg     + . .     Faith    .   b - +0 plate armour
rPois    ∞         Spirit   .   (no helmet)
rElec    +         Reflect  .   (no cloak)
rCorr    .         Harm     .   (no gloves)
MR       .....                  (no boots)
Stlth    ..........             (no amulet)
HPRegen  0.20/turn              (no ring)
MPRegen  0.10/turn              (no ring)

@: berserking, very quick
A: negative energy resistance 1, electricity resistance, unbreathing,
petrification resistance, rot immunity, AC +4
a: Berserk, Trog's Hand, Renounce Religion


You were on level 5 of the Dungeon.
You worshipped Trog.
Trog was pleased with you.
You were very hungry.

You visited 1 branch of the dungeon, and saw 4 of its levels.

You collected 161 gold pieces.

Inventory:

Hand Weapons
 a - a +0 hand axe (weapon)
Armour
 b - a +0 plate armour (worn)
Wands
 f - a wand of paralysis (4)
 j - a wand of polymorph (2)
 q - a wand of iceblast (13)
Scrolls
 d - a scroll of magic mapping {unknown}
 e - 3 scrolls of identify {unknown}
 g - 2 scrolls of amnesia {unknown}
 h - 2 scrolls of remove curse {unknown}
 i - 2 scrolls of immolation {unknown}
 l - a scroll of teleportation {unknown}
 m - a scroll of blinking {unknown}
 n - a scroll of random uselessness {unknown}
 r - a scroll of enchant armour {unknown}
Potions
 k - a potion of mutation {unknown}
 o - a potion of might {unknown}
 p - a potion of cancellation {unknown}
Comestibles
 c - 4 rations


   Skills:
 + Level 5.0 Fighting
 + Level 4.1 Axes
 + Level 4.3 Armour
 + Level 3.2 Dodging


You had 5 spell levels left.
You didn't know any spells.
Your spell library was empty.

Dungeon Overview and Level Annotations

Branches:
Dungeon (3/15)

Altars:


Innate Abilities, Weirdness & Mutations

You are resistant to torment.
Your stone body is resilient. (AC +4)
You are immune to poison.
You resist negative energy. (rN+)
You are resistant to electric shocks. (rElec)
You can survive without breathing.
You are immune to petrification.
You are immune to rotting.


Message History

The ogre is heavily wounded.
The ogre hits you with a +0 giant spiked club!!
Ouch! That really hurt!
* * * LOW HITPOINT WARNING * * *
You are too injured to fight recklessly!
You are too injured to fight recklessly!
You are too injured to fight recklessly!
You are too injured to fight recklessly!
You are too injured to fight recklessly!
A red film seems to cover your vision as you go berserk!
You feel yourself moving faster!
You feel mighty!
You are feeling very hungry.
The ogre hits you with a +0 giant spiked club.
* * * LOW HITPOINT WARNING * * *
Your plate armour prevents you from hitting the ogre.
The ogre is heavily wounded.
Your plate armour prevents you from hitting the ogre.
The ogre is heavily wounded.
The ogre hits you with a +0 giant spiked club!!
You die...

..............#
###.##.#.####.#
#.##........#
#.##...####.# #.##...#
#.# ###.##...# #.#
.........####.#######.#.
###.........#.#.........
###.............@O....#
................#####.#
..................
.................##
#.#....#.##.#.....
#.#....#.##.#.#...#
#.#....#.##.#.#.#.#
........... .......
#:#.........


You could see an ogre.

Vanquished Creatures
  Sigmund (D:5)
  A sky beast (D:5)
  Terence (D:3)
  A worker ant (D:5)
  3 adders
  A howler monkey skeleton (D:5)
  An ooze (D:3)
  An adder skeleton (D:5)
  2 worms
  A dart slug (D:1)
  A leopard gecko (D:3)
  2 orcs (D:3)
  5 bats
  2 giant cockroaches
  5 goblins
  9 hobgoblins
  8 jackals
  3 frilled lizards
  7 kobolds
  3 rats
58 creatures vanquished.

Notes
Turn   | Place    | Note
-------+----------+-------------------------------------------
     0 | D:1      | Fang the Gargoyle Berserker began the quest for the Orb.
     0 | D:1      | Reached XP level 1. HP: 14/14 MP: 1/1
    48 | D:1      | Reached XP level 2. HP: 12/19 MP: 2/2
   569 | D:1      | Reached XP level 3. HP: 18/23 MP: 3/3
   624 | D:1      | Reached ** piety under Trog
  1229 | D:3      | Noticed Terence
  1258 | D:3      | Killed Terence
  1258 | D:3      | Reached XP level 4. HP: 18/29 MP: 4/4
  1368 | D:3      | Reached skill level 4 in Fighting
  1749 | D:3      | You fall into a shaft and drop 2 floors!
  1749 | D:5      | Entered Level 5 of the Dungeon
  1752 | D:5      | Noticed a sky beast
  1762 | D:5      | Reached XP level 5. HP: 22/33 MP: 5/5
  1772 | D:5      | Killed a sky beast
  1848 | D:5      | Reached XP level 6. HP: 34/39 MP: 6/6
  1937 | D:5      | Noticed Sigmund
  1969 | D:5      | Killed Sigmund
  1969 | D:5      | Reached skill level 5 in Fighting
  2051 | D:5      | HP: 1/60 [ogre/+0 giant spiked club (6)]
  2053 | D:5      | Annihilated by an ogre

Levels and vault maps discovered:
D:1:      dpeg_arrival_shrine, layout_basic
D:2:      cheibrodos_pilgrimage, layout_basic
D:3:      layout_basic, uniq_terence
D:5:      layout_basic, first_ration, hangedman_decor_diamond_cutter,
          uniq_sigmund

Skill      XL: |  1  2  3  4  5  6 |
---------------+-------------------+-----
Axes           | 3 4 |  4.1
Dodging        | 2 3 |  3.2
Armour         | 3 4 |  4.3
Fighting       | 4 5 |  5.0

Action                   |  1- 3 |  4- 6 || total
-------------------------+-------+-------++-------
Melee: Hand axe          |   141 |   134 ||   275
       Unarmed           |    24 |       ||    24
Invok: Berserk           |     1 |     3 ||     4
  Eat: Chunk             |     1 |     6 ||     7
Armor: Animal skin       |     7 |       ||     7
       Plate armour      |   116 |    93 ||   209
Dodge: Dodged            |    77 |    45 ||   122
